 Dungeon Crawl Stone Soup version 0.27.1-15-g792fb953b9 (webtiles) character file.

Game seed: 8291210513583183179

688 Gabide the Magician (level 7, -1/46 HPs)
             Began as a Djinni Fire Elementalist on Nov 19, 2021.
             Slain by a gnoll (3 damage)
             ... on level 6 of the Dungeon.
             The game lasted 00:23:53 (3098 turns).

Gabide the Magician (Djinni Fire Elementalist)      Turns: 3098, Time: 00:23:53

Health: -1/46      AC:  6    Str:  7    XL:     7   Next: 94%
Gold:   60         EV: 13    Int: 18    God:
                   SH:  0    Dex: 14

rFire    + + .     SeeInvis +   k - +0 whip (drain)
rCold    x . .     Faith    .   (no shield)
rNeg     . . .     Spirit   .   a - +0 robe
rPois    ∞         Reflect  .   d - +2 helmet {SInv}
rElec    .         Harm     .   i - +0 cloak
rCorr    .         Rampage  .   (no gloves)
Will     .....                  (boots unavailable)
Stlth    +.........             c - amulet of regeneration
HPRegen  1.15/turn              r - ring of wizardry
MPRegen  0.00/turn              (no ring)

@: confused, flying
A: sickness immunity, fire resistance 2, cold vulnerability 1, float, innate
caster, hp casting, extra vitality 1
a: no special abilities


You were on level 6 of the Dungeon.
You visited 1 branch of the dungeon, and saw 6 of its levels.

You collected 230 gold pieces.
You spent 170 gold pieces at shops.

Inventory:

Hand Weapons
 k - a +0 whip of draining (weapon)
Armour
 a - a +0 robe (worn)
 d - a +2 helmet of see invisible (worn)
 e - a +0 buckler
 i - a +0 cloak (worn)
 n - a +3 ring mail of poison resistance
Jewellery
 c - an amulet of regeneration (around neck)
 q - a ring of ice
 r - a ring of wizardry (left hand)
Wands
 m - a wand of flame (4)
 v - a wand of iceblast (8)
 y - a wand of acid (3)
Scrolls
 j - a scroll of immolation
 t - 2 scrolls of identify {unknown}
 u - a scroll of vulnerability {unknown}
 w - a scroll of fear {unknown}
 x - 2 scrolls of teleportation
Potions
 b - 5 potions of curing
 f - a potion of heal wounds
 g - 2 potions of resistance
 h - a potion of degeneration {unknown}
 l - 2 potions of mutation {unknown}
 o - a potion of brilliance
 p - a potion of might {unknown}
 s - a potion of attraction {unknown}
 z - a potion of cancellation {unknown}
 A - a potion of lignification {unknown}


   Skills:
 + Level 0.8 Fighting
 + Level 0.4 Maces & Flails
 + Level 3.7 Dodging
 + Level 2.6 Stealth
 + Level 0.2 Unarmed Combat
 + Level 5.9 Spellcasting


You couldn't memorise any spells.
You knew the following spells:

 Your Spells              Type           Power      Damage    Failure   Level
a - Foxfire               Conj/Fire      100%       2x1d9     1%          1
b - Conjure Flame         Conj/Fire      26%        6-21      1%          3
c - Inner Flame           Hex/Fire       26%        N/A       1%          3
d - Sticky Flame          Conj/Fire      26%        2d5       4%          4
e - Fireball              Conj/Fire      13%        3d7       12%         5
f - Magic Dart            Conj           100%       1d8       1%          1
g - Corpse Rot            Necr/Air       N/A        N/A       1%          2
h - Mephitic Cloud        Conj/Pois/Air  26%        N/A       1%          3
Your spell library was empty.

Dungeon Overview and Level Annotations

Branches:
Dungeon (5/15)
 Temple: D:4-7

Altars:
Fedhas
Makhleb
Nemelex Xobeh
Qazlal
Trog
Xom
Zin

Shops:
D:4 !


Innate Abilities, Weirdness & Mutations

You are immune to sickness and miasma.
You are immune to poison.
Your flesh is very heat resistant. (rF++)
You are vulnerable to cold. (rC-)
You float through the air rather than walking.
You learn spells naturally, not from books.
Your magical power is your life essence.
You have superior vitality. (+4 HP)


Message History

The orc wizard is heavily wounded.
The gnoll hits you from afar with a +0 spear.
Found 15 stones.
The orc wizard hits you with a +0 dagger.
The gnoll hits you but does no damage.
The gnoll hits you from afar with a +0 spear.
You see here 4 gold pieces.
You are too injured to fight recklessly!
Casting: Foxfire (safe; 1% risk of failure)
Press: ? - help, Q - select action, (/) - cycle Dir - look around, f - activate You conjure some foxfire!
Unknown command.
The foxfire hits the orc wizard.
The orc wizard is severely wounded.
The foxfire hits the orc wizard.
The orc wizard is almost dead.
The orc wizard points at you and mumbles some strange words.
You are confused.
You're too confused to move!
The orc hits you but does no damage. The gnoll completely misses you.
The bullfrog skeleton closely misses you.
The orc wizard gestures at you while chanting.
You easily resist.
You're too confused to cast spells.
Unknown command.
You're too confused to cast spells.
Unknown command.
The bullfrog skeleton hits you. The gnoll misses you.
The orc wizard gestures at you while chanting.
The magic dart hits you!
* * * LOW HITPOINT WARNING * * *
The orc hits you with a +0 war axe!
* * * LOW HITPOINT WARNING * * *
The bullfrog skeleton barely misses you.
The gnoll hits you but does no damage. The bullfrog skeleton hits you.
* * * LOW HITPOINT WARNING * * *
You bump into the rock wall.
The orc completely misses you. The bullfrog skeleton misses you.
The gnoll hits you from afar with a +0 spear.
You die...

........)....#......
.................#
.....)..........##
....)#..........#
)..).##.......###
..... ##..$>.## .
#.....#....g.# ...
#..........Z###.....
....#..oo@.......
....###..#.#.....
... #..### ... ..
#.(# . #..# ...#
..... .....


You could see an orc wizard (invisible), a gnoll, an orc and a bullfrog
skeleton.

Vanquished Creatures
  An ogre (D:4)
  Blork the orc (D:4)
  A scorpion (D:6)
  A bullfrog zombie (D:5)
  An orc priest (D:6)
  A jelly (D:4)
  4 iguanas
  Jessica (D:2)
  Ijyb (D:3)
  Natasha (D:2)
  A scorpion zombie (D:5)
  7 gnolls
  A white imp (D:5)
  2 worms
  3 dart slugs
  10 orcs
  9 endoplasms
  2 giant cockroaches
  6 goblins
  10 hobgoblins
  4 jackals (D:3)
  4 quokkas
  6 ball pythons
  12 bats
  5 kobolds
  A quokka skeleton (D:4)
  9 rats
105 creatures vanquished.

Vanquished Creatures (others)
  An endoplasm (D:4)
  409 foxfires
410 creatures vanquished.

Grand Total: 515 creatures vanquished

Notes
Turn   | Place    | Note
-------+----------+-------------------------------------------
     0 | D:1      | Gabide the Djinni Fire Elementalist began the quest for the
                  | Orb.
     0 | D:1      | Reached XP level 1. HP: 15/15 MP: 0/0
   273 | D:1      | Reached XP level 2. HP: 21/21 MP: 0/0
   395 | D:1      | Identified a scroll of acquirement
   395 | D:1      | Acquired a +2 helmet of see invisible
   427 | D:1      | Reached skill level 3 in Spellcasting
   583 | D:1      | Reached XP level 3. HP: 25/25 MP: 0/0
   583 | D:1      | Learned a level 1 spell: Magic Dart
   887 | D:2      | Found a faded altar of an unknown god.
  1070 | D:2      | Noticed Natasha
  1075 | D:2      | Killed Natasha
  1076 | D:2      | Reached XP level 4. HP: 31/31 MP: 0/0
  1098 | D:2      | Reached XP level 5. HP: 35/35 MP: 0/0
  1098 | D:2      | Learned a level 2 spell: Corpse Rot
  1103 | D:2      | Noticed Jessica
  1106 | D:2      | Killed Jessica
  1107 | D:2      | Reached skill level 4 in Spellcasting
  1179 | D:2      | Found a burning altar of Makhleb.
  1322 | D:3      | Found a stormy altar of Qazlal.
  1325 | D:3      | Found a blossoming altar of Fedhas.
  1332 | D:3      | Found a sparkling altar of Nemelex Xobeh.
  1337 | D:3      | Found a bloodstained altar of Trog.
  1451 | D:3      | Noticed Ijyb
  1508 | D:3      | Killed Ijyb
  1706 | D:3      | Reached XP level 6. HP: 40/40 MP: 0/0
  1962 | D:4      | Found Vuragomyo's Distillery.
  1965 | D:4      | Bought a potion of resistance for 100 gold pieces
  1965 | D:4      | Bought a potion of curing for 30 gold pieces
  1965 | D:4      | Bought a potion of brilliance for 40 gold pieces
  1972 | D:4      | Noticed Blork the orc
  2102 | D:4      | Noticed an ogre
  2107 | D:4      | Killed an ogre
  2310 | D:4      | Found a shimmering altar of Xom.
  2336 | D:4      | Noticed an angel
  2433 | D:4      | Killed Blork the orc
  2434 | D:4      | Reached skill level 5 in Spellcasting
  2434 | D:4      | Reached XP level 7. HP: 17/46 MP: 0/0
  2434 | D:4      | Learned a level 3 spell: Mephitic Cloud
  2493 | D:4      | Found a glowing silver altar of Zin.
  2517 | D:5      | Entered Level 5 of the Dungeon
  3054 | D:5      | You are sucked into a shaft and drop 1 floor!
  3096 | D:6      | HP: 2/46 [orc (7)]
  3098 | D:6      | Slain by a gnoll

Illustrated notes

Levels and vault maps discovered:
D:1:      minmay_arrival_stone_box, layout_rooms, minmay_misc_feat_rugged
D:2:      layout_basic, basic_altar, shapermc_ecumenical_altar_mp_highgroup,
          uniq_natasha, uniq_jessica
D:3:      layout_basic, grunt_temple_overflow_cloverleaf, st_stairs_10,
          kennysheep_crisscross, uniq_ijyb
D:4:      layout_rooms, grunt_temple_overflow_order_and_chaos_1, serial_shops,
          kennysheep_mini, ebering_dispersal_statue_hall, uniq_blork_the_orc
D:5:      layout_loops_ring
D:6:      layout_cave_pools, serial_shops, shop

Skill      XL: |  1  2  3  4  5  6 |
---------------+-------------------+-----
Spellcasting   | 3 4 5 |  5.9
Stealth        | 2 |  2.6
Dodging        | 3 |  3.7
Fighting       | |  0.8
Maces & Flails | |  0.4
Unarmed Combat | |  0.2

Action                   |  1- 3 |  4- 6 |  7- 9 || total
-------------------------+-------+-------+-------++-------
Melee: Unarmed           |    14 |       |       ||    14
       Whip              |       |    15 |    30 ||    45
 Cast: Foxfire           |    96 |   151 |    39 ||   286
       Magic Dart        |     1 |     3 |       ||     4
       Conjure Flame     |       |     4 |     3 ||     7
       Sticky Flame      |       |     1 |     8 ||     9
       Fireball          |       |     4 |     5 ||     9
       Mephitic Cloud    |       |       |    10 ||    10
  Use: Scroll            |     3 |     3 |       ||     6
 Stab: Confused          |       |       |     1 ||     1
Armor: Robe              |    17 |     9 |    15 ||    41
Dodge: Dodged            |    24 |    12 |    48 ||    84
